 Dungeon Crawl Stone Soup version 0.20.1-1-g8b1a95d (webtiles) character file.

317 vineage the Slasher (level 6, -9/47 HPs)
             Began as a Demonspawn Chaos Knight on Oct 17, 2017.
             Mangled by a two-headed ogre
             ... wielding a +0 giant club
              (12 damage)
             ... on level 5 of the Dungeon.
             The game lasted 00:06:44 (3277 turns).

vineage the Slasher (Demonspawn Chaos Knight)       Turns: 3277, Time: 00:06:48

Health: -9/47      AC: 13    Str: 19    XL:     6   Next: 20%
Magic:  6/6        EV:  5    Int: 13    God:    Xom [....*.]
Gold:   186        SH:  0    Dex: 13    Spells: 5/5 levels left

rFire    + + .     SeeInvis .   a - +1 falchion (chaos)
rCold    x . .     Gourm    .   (no shield)
rNeg     . . .     Faith    .   d - +0 plate armour
rPois    .         Spirit   .   x - +0 helmet
rElec    .         Reflect  .   (no cloak)
rCorr    .         Harm     .   (no gloves)
MR       .....                  p - +1 pair of boots
Stlth    ..........             (no amulet)
Regen    0.2/turn               j - ring of loudness (curse)
MPRegen  0.1/turn               t - ring of fire

@: mighty, berserk cooldown, flying, slowed, very slow
A: hooves 1, fire resistance 1, powered by pain 2, wild magic 1
a: Renounce Religion


You were on level 5 of the Dungeon.
You worshipped Xom.
You were a beloved toy of Xom.
You were very hungry.

You visited 1 branch of the dungeon, and saw 5 of its levels.

You collected 186 gold pieces.

Inventory:

Hand Weapons
 a - a +1 falchion of chaos (weapon)
 B - the +4 hunting sling of the Spider Nest {chaos, rF+ Int+2 Dex+2, unknown}
   (Xom gifted it to you on level 4 of the Dungeon)

   Each projectile launched from it has a different, random effect.
   It affects your intelligence (+2).
   It affects your dexterity (+2).
   It protects you from fire.
Armour
 b - a +2 leather armour
 d - a +0 plate armour (worn)
 p - a +1 pair of boots (worn)
 x - a +0 helmet (worn)
Jewellery
 j - a cursed ring of loudness (left hand)
 k - an uncursed ring of resist corrosion {unknown}
 t - a ring of fire (right hand)
Scrolls
 i - a scroll of fog
 l - 2 scrolls of identify
 m - a scroll of enchant weapon
 n - 2 scrolls of magic mapping
 r - 2 scrolls of remove curse {unknown}
 w - a scroll of teleportation
 z - a scroll of fear {unknown}
Potions
 e - a potion of brilliance
 o - a potion of haste {unknown}
 s - a potion of agility
 u - a potion of might {unknown}
 A - 2 potions of heal wounds {unknown}
 C - a potion of invisibility {unknown}
Books
 v - a book of Minor Magic

   Spells                             Type                      Level
   a - Magic Dart                     Conjuration                  1
   b - Blink                          Translocation                2
   c - Call Imp                       Summoning                    2
   d - Slow                           Hexes                        2
   e - Conjure Flame                  Conjuration/Fire             3
   f - Mephitic Cloud                 Conjuration/Poison/Air       3
 y - a book of Flames

   Spells                             Type                      Level
   a - Flame Tongue                   Conjuration/Fire             1
   b - Throw Flame                    Conjuration/Fire             2
   c - Conjure Flame                  Conjuration/Fire             3
   d - Inner Flame                    Hexes/Fire                   3
   e - Sticky Flame                   Conjuration/Fire             4
   f - Fireball                       Conjuration/Fire             5
Comestibles
 c - 4 bread rations
 g - 4 fruits
 q - a meat ration


   Skills:
 - Level 3.0 Fighting
 + Level 6.4 Long Blades
 - Level 1.7 Armour
 - Level 0.8 Dodging


You had 5 spell levels left.
You didn't know any spells.

Dungeon Overview and Level Annotations

Branches:
Dungeon (5/15)             Temple (0/1) D:4

Altars:
Ashenzari
Gozag
Hepliaklqana
Qazlal
Trog
Xom


Innate Abilities, Weirdness & Mutations

You have large cloven feet.
Your flesh is heat resistant. (rF+)
You sometimes gain power by taking damage.
Your spells are a little harder to cast, but a little more powerful.


Message History

Your butterfly dies!
It was a potion of berserk rage.
A red film seems to cover your vision as you go berserk!
You feel yourself moving faster!
You feel mighty!
Xom roars with laughter!
You are too berserk!
You feel a strong urge to attack something.
You feel your anger subside.
You are no longer berserk.
You are exhausted.
You feel yourself slow down.
It was a potion of flight.
You feel very buoyant.
You fly up into the air.
The two-headed ogre barely misses you.
You riposte.
You slash the two-headed ogre!
Lightning courses through the two-headed ogre!
The two-headed ogre is moderately wounded.
The two-headed ogre hits you with a giant club!
You die...
Xom titters!

#.......####...#..=...###
####+#.....[...#.######
#........##.#.#
##.......##.#.#
#.......##o#.#
#.......##S#.#
#.......##.#.#
##'##'####.# #.##@####.#
#.##.OS.o.# ###...#######
#......# #......#
#......# #......#
#......# ###.####


You could see a two-headed ogre, an adder and an orc.

Vanquished Creatures
  The ghost of feelmyfire the Ruffian, an amateur DrTm (D:3)
  A crimson imp (D:5)
  Robin (D:3)
  5 adders
  A worm (D:2)
  A dart slug (D:4)
  2 leopard geckos
  5 orcs
  3 giant cockroaches
  14 goblins
  10 hobgoblins
  14 jackals
  4 quokkas
  2 ball pythons
  5 bats
  3 frilled lizards
  13 kobolds
  8 rats
93 creatures vanquished.

Vanquished Creatures (collateral kills)
  An adder (D:3)
1 creature vanquished.

Vanquished Creatures (others)
  A centaur skeleton (D:4)
1 creature vanquished.

Grand Total: 95 creatures vanquished

Notes
Turn   | Place    | Note
-------+----------+-------------------------------------------
     0 | D:1      | vineage the Demonspawn Chaos Knight began the quest for the Orb.
     0 | D:1      | Reached XP level 1. HP: 18/18 MP: 1/1
   141 | D:1      | Reached skill level 3 in Long Blades
   254 | D:1      | Gained mutation: You sometimes gain a little power by taking damage. [demonic ancestry]
   254 | D:1      | Reached XP level 2. HP: 11/24 MP: 2/2
   440 | D:1      | XOM: medium Hex miscast
   652 | D:1      | XOM: cloud trail
   894 | D:2      | XOM: harmless Air miscast
   896 | D:2      | Gained mutation: Your flesh is heat resistant. (rF+) [demonic ancestry]
   896 | D:2      | Reached XP level 3. HP: 21/29 MP: 3/3
  1015 | D:2      | XOM: noise
  1067 | D:2      | Reached skill level 4 in Long Blades
  1386 | D:2      | Reached XP level 4. HP: 17/35 MP: 4/4
  1410 | D:2      | XOM: torment (11/35 hp)
  1509 | D:2      | XOM: 9-stop teleportation journey
  1691 | D:2      | Found an opulent altar of Gozag.
  1823 | D:3      | Found a shattered altar of Ashenzari.
  1832 | D:3      | XOM: enchant monster (good)
  1930 | D:3      | Noticed feelmyfire's ghost (amateur DrTm)
  1931 | D:3      | XOM: summons friendly iron imp
  1937 | D:3      | XOM: enchant monster (good)
  1954 | D:3      | XOM: cloud trail
  1963 | D:3      | XOM: butterfly on damage
  1970 | D:3      | Killed feelmyfire's ghost
  1970 | D:3      | Reached skill level 5 in Long Blades
  1970 | D:3      | Gained mutation: You sometimes gain power by taking damage. [demonic ancestry]
  1970 | D:3      | Reached XP level 5. HP: 26/41 MP: 5/5
  2211 | D:3      | Noticed Robin
  2230 | D:3      | XOM: divination: magic mapping
  2237 | D:3      | Killed Robin
  2248 | D:3      | XOM: confuse monster(s)
  2654 | D:4      | Reached skill level 6 in Long Blades
  2735 | D:4      | Found a bloodstained altar of Trog.
  2760 | D:4      | XOM: divination: magic mapping
  2786 | D:4      | Gained mutation: You have large cloven feet. [demonic ancestry]
  2786 | D:4      | Reached XP level 6. HP: 45/47 MP: 6/6
  2790 | D:4      | Found a stormy altar of Qazlal.
  2805 | D:4      | XOM: scenery: create altars
  2876 | D:4      | Found a staircase to the Ecumenical Temple.
  2894 | D:4      | XOM: god gift: steaming hunting sling {god gift}
  2897 | D:4      | Got a steaming hunting sling {god gift}
  3012 | D:4      | XOM: give mutation
  3012 | D:4      | Gained mutation: Your spells are a little harder to cast, but a little more powerful. [Xom's mischief]
  3042 | D:4      | Found a hazy altar of Hepliaklqana.
  3159 | D:5      | Entered Level 5 of the Dungeon
  3168 | D:5      | XOM: 7-stop teleportation journey
  3257 | D:5      | Noticed a two-headed ogre
  3266 | D:5      | XOM: butterfly on damage
  3266 | D:5      | HP: 1/47 [two-headed ogre/giant club (26)]
  3277 | D:5      | Mangled by a two-headed ogre

Skill      XL: |  1  2  3  4  5 |
---------------+----------------+-----
Long Blades    | 3 4 5 6 |  6.4
Fighting       | |  3.0
Armour         | |  1.7
Dodging        | |  0.8

Action                   |  1- 3 |  4- 6 || total
-------------------------+-------+-------++-------
Melee: Falchion          |   166 |   201 ||   367
  Use: Scroll            |     6 |     3 ||     9
       Potion            |       |     2 ||     2
 Stab: Confused          |     1 |     1 ||     2
       Distracted        |       |     1 ||     1
  Eat: Chunk             |     2 |     5 ||     7
Armor: Plate armour      |   146 |   199 ||   345
Dodge: Dodged            |    26 |    58 ||    84
       Rpst.: Falchion   |    10 |    14 ||    24
